 Dungeon Crawl Stone Soup version 0.22-a0-810-g93d1441 (webtiles) character file.

53 zishaf the Insei (level 3, 0/18 HPs)
             Began as a Vine Stalker Transmuter on July 23, 2018.
             Slain by a gnoll (4 damage)
             ... on level 1 of the Dungeon.
             The game lasted 00:02:48 (1673 turns).

zishaf the Insei (Vine Stalker Transmuter)          Turns: 1673, Time: 00:02:49

Health: 0/18       AC:  2    Str: 13    XL:     3   Next: 89%
Magic:  0/7        EV: 13    Int: 13    God:
Gold:   62         SH:  0    Dex: 14    Spells: 5/6 levels left

rFire    . . .     SeeInvis .     - Unarmed
rCold    + . .     Gourm    .   (no shield)
rNeg     . . .     Faith    .   b - +0 robe
rPois    .         Spirit   +   (no helmet)
rElec    .         Reflect  .   (no cloak)
rCorr    .         Harm     .   (no gloves)
MR       .....                  (no boots)
Stlth    +.........             (no amulet)
HPRegen  0.06/turn              h - ring of protection from cold
MPRegen  0.10/turn              (no ring)

@: no status effects
A: fangs 2, magic shield, antimagic bite, no potion heal 3, rot immunity
a: no special abilities


You were on level 1 of the Dungeon.
You were not hungry.

You visited 1 branch of the dungeon, and saw 2 of its levels.

You collected 62 gold pieces.

Inventory:

Missiles
 a - 12 arrows
Armour
 b - a +0 robe (worn)
Jewellery
 h - a ring of protection from cold (left hand)
Scrolls
 e - a scroll of teleportation {unknown}
 f - 2 scrolls of identify {unknown}
 j - 3 scrolls of amnesia {unknown}
Potions
 c - 2 potions of berserk rage {unknown}
 i - a potion of agility {unknown}
Comestibles
 d - a ration
 g - 4 chunks of flesh


   Skills:
 + Level 2.0 Fighting
 + Level 2.3 Dodging
 - Level 3.0 Unarmed Combat
 - Level 2.1 Spellcasting
 + Level 2.8 Transmutations


You had 5 spell levels left.
You knew the following spells:

 Your Spells              Type           Power        Failure   Level  Hunger
a - Beastly Appendage     Tmut           #.....       8%          1    ##.....

Your spell library contained the following spells:

 Spells                   Type           Power        Failure   Level  Hunger
 Spider Form              Tmut/Pois      #.........   38%         3    ####...
 Blade Hands              Tmut           #.........   91%         5    ######.
 Ice Form                 Ice/Tmut       #.......     80%         4    #####..
 Sticks to Snakes         Tmut           #.......     12%         2    ###....


Dungeon Overview and Level Annotations

Branches:
Dungeon (2/15)

Altars:
Makhleb
Zin


Innate Abilities, Weirdness & Mutations

You have extremely sharp teeth.
When hurt, damage is shared between your health and your magic reserves.
Your bite disrupts and absorbs the magic of your enemies.
Potions cannot restore your health.
You are immune to rotting.


Message History

There is an escape hatch in the ceiling here.
The gnoll hits you. A mysterious force pulls you upwards.
The hatch slams shut behind you.
You barely miss the gnoll. You bite the gnoll, but do no damage.
The gnoll is moderately wounded.
The gnoll barely misses you.
You hit the gnoll.
The gnoll is moderately wounded.
The gnoll misses you.
You hit the gnoll.
The gnoll is heavily wounded.
The gnoll hits you.
* * * LOW HITPOINT WARNING * * *
You closely miss the gnoll.
The gnoll is heavily wounded.
The gnoll closely misses you.
You barely miss the gnoll. Your bite misses the gnoll.
The gnoll is heavily wounded.
The gnoll hits you.
You die...

#.#####.###.##.........##.#######
#.##.....##.##.#.......##.#
#.##.##..##.##.################
#.............................#
#........#####...............<#
##.#.###.# ###..).............#
#......(# #...################
#.##....# #.....# ###.# #.##..#.#
#...g@# #...# #.......# #.....#
#.### #.####..# #.....# #.#
#.......# ####### #.# ######.##
#.#### #.# #....# #.# ####.#
#.######## #.#
#........########.#


You could see a gnoll.

Vanquished Creatures
  An adder (D:2)
  2 worms (D:2)
  3 dart slugs (D:1)
  2 leopard geckos
  5 bats
  3 goblins (D:1)
  3 hobgoblins
  2 frilled lizards
  7 kobolds
  2 rats
30 creatures vanquished.

Notes
Turn   | Place    | Note
-------+----------+-------------------------------------------
     0 | D:1      | zishaf the Vine Stalker Transmuter began the quest for the Orb.
     0 | D:1      | Reached XP level 1. HP: 9/9 MP: 4/4
   288 | D:1      | Reached skill level 1 in Fighting
   414 | D:1      | Reached XP level 2. HP: 6/14 MP: 1/6
   958 | D:1      | Reached XP level 3. HP: 16/18 MP: 5/7
  1615 | D:2      | Found a burning altar of Makhleb.
  1626 | D:2      | Found a glowing silver altar of Zin.
  1626 | D:2      | Noticed an angel
  1627 | D:2      | Noticed a balrug
  1673 | D:1      | Slain by a gnoll

Vault maps used:
D:1:      wheals_arrival_shading
D:2:      old_standard_altar, grunt_temple_overflow_order_and_chaos_2,
          chequers_temple_overflow_statue_of_worship, first_ration, st_stairs_8

Skill      XL: |  1  2  3 |
---------------+----------+-----
Fighting       | 1 2 |  2.0
Dodging        | 2 |  2.3
Unarmed Combat | |  3.0
Spellcasting   | |  2.1
Transmutations | |  2.8

Action                   || total
-------------------------++-------
Melee: Unarmed           ||   116
       Bite              ||    26
       Punch             ||     3
 Stab: Sleeping          ||     3
  Eat: Chunk             ||     2
Armor: Robe              ||    24
Dodge: Dodged            ||    86

Table legend:
 A = Spawn XP
 B = Non-spawn XP
 C = Spawn XP percentage of total XP
 D = Spawn monster count
 E = Non-spawn monster count
 F = Spawn count percentage of total count
 G = Total turns spent on level
                    A         B        C        D         E        F      G
               +---------+---------+-------+---------+---------+-------+---------
         Total |       0 |      77 |   0.0 |       0 |      30 |   0.0 |  1673
               +---------+---------+-------+---------+---------+-------+---------
           D:1 |       0 |      44 |   0.0 |       0 |      21 |   0.0 |  1346
           D:2 |       0 |      33 |   0.0 |       0 |       9 |   0.0 |   327
               +---------+---------+-------+---------+---------+-------+---------
